 Dungeon Crawl Stone Soup version 0.31-a0-1591-g515db51 (webtiles) character file.

Game seed: 13912196364622749834

40443 blake the Warrior (level 14, -5/117 HPs)
             Began as a Djinni Fire Elementalist on Jan 6, 2024.
             Was the Champion of Makhleb.
             Shot with a bolt by an orc knight (18 damage)
             ... on level 2 of the Orcish Mines.
             The game lasted 01:05:48 (11755 turns).

blake the Warrior (Djinni Fire Elementalist)       Turns: 11755, Time: 01:05:49

Health: -5/117     AC:  8    Str:  7    XL:     14   Next: 44%
Gold:   1312       EV: 11    Int: 25    God:    Makhleb [******] SH:  9 Dex: 14

rFire   + + .        A - staff of conjuration
rCold   x . .        G - +0 buckler
rNeg    . . .        s - +0 troll leather armour {Pargi}
rPois   ∞            z - +0 helmet {Int+3}
rElec   .            h - +0 cloak
rCorr   .            d - +2 pair of gloves
SInv    +            (boots unavailable)
Will    +....        m - amulet of reflection
Stlth   ++           u - ring of wizardry
HPRegen 1.19/turn    y - ring of see invisible
MPRegen 0.00/turn

%: reflection, wizardry (x1), infuse magic (-6 HP)
@: flying
A: sickness immunity, fire resistance 2, cold vulnerability 1, float, innate
caster, HP casting, extra vitality 1
a: Renounce Religion, Minor Destruction, Lesser Servant of Makhleb, Major
Destruction, Greater Servant of Makhleb


You were on level 2 of the Orcish Mines.
You worshipped Makhleb.
Makhleb was exalted by your worship.
You visited 3 branches of the dungeon, and saw 15 of its levels.
You also visited: Sewer.

You collected 1529 gold pieces.
You spent 217 gold pieces at shops.

Inventory:

Missiles
 O - 4 throwing nets
Armour
 d - a +2 pair of gloves (worn)
 h - a +0 cloak (worn)
 s - a +0 troll leather armour (worn) {Pargi}
 z - a +0 helmet of intelligence (worn)
 G - a +0 buckler (worn)
Magical Staves
 a - a staff of air
 o - a staff of fire
 A - a staff of conjuration (weapon)
 M - a staff of earth
Jewellery
 m - an amulet of reflection (around neck)
 u - a ring of wizardry (left hand)
 y - a ring of see invisible (right hand)
 D - a ring of positive energy
 P - a +4 ring of slaying
Wands
 x - a wand of flame (26)
 B - a wand of polymorph (6)
 H - a wand of mindburst (9)
Scrolls
 j - 3 scrolls of noise
 l - a scroll of fog {unknown}
 n - 4 scrolls of immolation
 p - 5 scrolls of teleportation
 t - 3 scrolls of amnesia
 C - a scroll of enchant armour
 E - a scroll of revelation
 F - a scroll of enchant weapon
 I - a scroll of identify
 L - a scroll of vulnerability {unknown}
Potions
 c - 5 potions of might {unknown}
 e - 7 potions of curing {unknown}
 f - 6 potions of mutation {unknown}
 g - 4 potions of lignification {unknown}
 i - 5 potions of heal wounds {unknown}
 k - 2 potions of magic {unknown}
 q - 2 potions of brilliance {unknown}
 r - a potion of haste {unknown}
 w - a potion of cancellation {unknown}
 J - 4 potions of ambrosia {unknown}
 K - a potion of attraction {unknown}
 N - a potion of resistance {unknown}


   Skills:
 + Level 16.9 Fighting
 - Level 4.0 Dodging
 - Level 1.5 Stealth
 * Level 13.4 Spellcasting
 * Level 13.4 Conjurations
 * Level 13.4 Hexes
   Level 0.0 Charms
 * Level 13.4 Summonings
 * Level 13.4 Necromancy
 * Level 13.4 Translocations
   Level 0.0 Transmutations
 * Level 13.4 Fire Magic
 * Level 13.4 Ice Magic
 * Level 13.4 Air Magic
 * Level 13.4 Earth Magic
 * Level 13.4 Alchemy
 + Level 1.5 Invocations


You knew the following spells:

 Your Spells              Type           Power      Damage    Failure   Level
a - Foxfire               Conj/Fire      100%       2x1d9     1%          1
b - Scorch                Fire           100%       2d9       1%          2
c - Volatile Blastmotes   Fire/Tloc      100%       2d18      1%          3
d - Inner Flame           Hex/Fire       71%        N/A       1%          3
e - Flame Wave            Conj/Fire      90%        2d19      1%          4
f - Necrotise             Necr           100%       1d9       1%          1
g - Blink                 Tloc           100%       N/A       1%          2
h - Stone Arrow           Conj/Erth      100%       3d13      1%          3
i - Frozen Ramparts       Ice            100%       1d16      1%          3
j - Manifold Assault      Tloc           71%        N/A       1%          4
k - Fireball              Conj/Fire      45%        3d18      1%          5
Your spell library was empty.

Dungeon Overview and Level Annotations

Branches:
Dungeon (9/15)             Temple (0/1) D:6            Lair (4/5) D:8
  Swamp (0/4) Lair:3       Spider (0/4) Lair:2          Orc (2/2) D:9
  Sewer (visited)
  Slime: Lair:4-5       Elf: Orc:2

Altars:
Cheibriados
Hepliaklqana
Makhleb
Nemelex Xobeh
Qazlal
Ru
Uskayaw
The Shining One
Lugonu

Shops:
D:5 [:[?[   D:6 ?

Portals:
Abyss: D:6

Annotations:
D:4 1 runed translucent door, kasel's ghost, amateur FoFi
D:6 2 runed translucent doors


Innate Abilities, Weirdness & Mutations

You are immune to sickness and miasma.
You are immune to poison.
Your flesh is very heat resistant. (rF++)
You are vulnerable to cold. (rC-)
You float through the air rather than walking.
You learn spells naturally, not from books.
Your magical power is your life essence.
You have superior vitality. (+4 MHP)


Message History

Makhleb accepts your kill.
You feel better.
The wall freezes the orc warlord but does no damage.
The orc warlord hits you with a +3 great mace of protection!!
A wave of flame ripples out!
The flame wave engulfs the orc warlord!
The orc warlord is burned terribly!
The orc warlord is severely wounded.
You hear a shout!
The wall freezes the orc warlord.
The orc warlord closely misses you.
The orc knight roars a battlecry!
The orc warlord goes into a battle-frenzy!
A wave of flame ripples out!
The flame wave engulfs the orc warlord!
The orc warlord is burned terribly!
The orc warlord is severely wounded.
The flame wave engulfs the orc warrior!
The orc warrior is heavily wounded.
The flame wave engulfs the orc knight!
The orc knight is heavily wounded.
You finish channelling waves of flame.
You hear a shout!
The orc knight shoots a bolt.
The bolt hits you!
The wall freezes the orc warlord but does no damage.
The orc warlord hits you with a +3 great mace of protection!!
* * * LOW HITPOINT WARNING * * *
Unknown command.
Unknown command.
Blink to where?
Press: ? - help, Dir - move target The frozen ramparts melt away as you move.
As you read the scroll of blinking, it crumbles to dust.
The troll shouts!
The orc warlord is no longer more vulnerable to fire.
The orc knight shoots a bolt.
The bolt hits you!
* * * LOW HITPOINT WARNING * * *
Blink to where?
Press: ? - help, Dir - move target
As you read the scroll of blinking, it crumbles to dust.
The orc knight shouts!
The orc knight shoots a bolt.
The bolt hits you!!
You die...

#..o....T...
......o......o....##
...#...$..#..o.......
..
#.......###.o.....### .
........###.o... .#§##
..........#...T...o...#
.........#()#o..##
..........##o#...#
#....@..[.)o..##
..........#.)$(o##
............)#)))#
.........##.###<##
..........### ###
.#.......## ..#...####
...#.#


You could see 3 orc knights, a troll, 3 orc warriors and an orc.

Vanquished Creatures
  A hydra (Lair:3)
  Harold (Orc:1)
  A catoblepas (Lair:2)
  2 two-headed ogres
  A boulder beetle (Lair:3)
  2 orc high priests
  3 death yaks (Lair:1)
  Nergalle (Lair:3)
  A skyshark (Lair:3)
  A pharaoh ant (Lair:2)
  A bog body (Lair:3)
  2 orc sorcerers
  8 orc knights (Orc:1)
  8 elephants (Lair:3)
  A manticore (Lair:3)
  A kobold blastminer (Orc:2)
  Joseph (D:9)
  Maggie (D:6)
  3 black mambas
  11 cane toads
  3 rime drakes
  6 komodo dragons
  2 trolls
  A polar bear (Lair:2)
  A queen bee (Lair:3)
  7 blink frogs
  5 slime creatures (D:8)
  12 yaks
  6 wyverns
  3 basilisks
  A warg (Orc:2)
  A redback (Lair:2)
  A two-headed ogre zombie (D:9)
  A steam dragon (D:3)
  Menkaure (D:6)
  14 water moccasins
  A black bear (D:4)
  Pargi (Sewer)
  3 sky beasts
  30 orc warriors
  An ice beast (D:4)
  8 ogres
  8 wolves (Lair:1)
  4 centaurs
  Blork the orc (D:4)
  A kobold brigand (D:8)
  8 bullfrogs
  2 scorpions
  7 wights
  26 killer bees (Lair:3)
  A troll zombie (D:9)
  2 electric eels (Lair:3)
  8 howler monkeys
  3 jellies
  2 hounds
  A bombardier beetle (D:5)
  12 orc priests
  A gnoll bouda (D:6)
  Jessica (D:3)
  4 iguanas
  Natasha (thrice) (D:4)
  14 orc wizards
  6 hell rats (Lair:2)
  6 ogre zombies (D:9)
  7 gnolls (D:6)
  8 adders
  A dart slug (D:2)
  3 ribbon worms
  90 orcs
  5 ball pythons
  9 endoplasms
  7 giant cockroaches
  A gnoll zombie (D:9)
  3 goblins
  11 hobgoblins
  6 jackals
  2 quokkas
  9 bats
  A frilled lizard (D:1)
  4 gnoll skeletons (D:9)
  11 kobolds
  An orc skeleton (D:9)
  19 orc zombies (D:9)
  7 rats
  A butterfly (Lair:3)
  A foxfire (Lair:3)
488 creatures vanquished.

Vanquished Creatures (collateral kills)
  6 foxfires
6 creatures vanquished.

Vanquished Creatures (others)
  1245 foxfires
1245 creatures vanquished.

Grand Total: 1739 creatures vanquished

Notes
Turn   | Place    | Note
-------+----------+-------------------------------------------
     0 | D:1      | blake the Djinni Fire Elementalist began the quest for the
                  | Orb.
     0 | D:1      | blake set off with the following spells memorised: Foxfire,
                  | Scorch, Volatile Blastmotes, Inner Flame, Flame Wave.
     0 | D:1      | Reached XP level 1. HP: 15/15 MP: 0/0
   258 | D:1      | Reached XP level 2. HP: 19/22 MP: 0/0
   458 | D:1      | Found a faded altar of an unknown god.
   458 | D:1      | Noticed a cacodemon
   654 | D:2      | Reached skill level 1 in Fighting
   654 | D:2      | Reached XP level 3. HP: 19/27 MP: 0/0
   654 | D:2      | Learned a level 1 spell: Necrotise
   833 | D:2      | Noticed an ogre
  1183 | D:2      | Found a sparkling altar of Nemelex Xobeh.
  1310 | D:3      | Found a glowing drain.
  1368 | D:3      | Reached XP level 4. HP: 27/33 MP: 0/0
  1376 | D:3      | Reached skill level 2 in Fighting
  1376 | D:3      | Reached XP level 5. HP: 14/38 MP: 0/0
  1376 | D:3      | Learned a level 2 spell: Blink
  1381 | Sewer    | Entered a sewer
  1536 | Sewer    | Noticed Pargi
  1541 | Sewer    | Killed Pargi
  1542 | Sewer    | Reached XP level 6. HP: 38/45 MP: 0/0
  1892 | D:3      | Noticed a steam dragon
  1897 | D:3      | Killed a steam dragon
  1898 | D:3      | Reached skill level 3 in Fighting
  2062 | D:3      | Noticed Jessica
  2064 | D:3      | Killed Jessica
  2190 | D:4      | Reached skill level 4 in Fighting
  2190 | D:4      | Reached XP level 7. HP: 51/52 MP: 0/0
  2190 | D:4      | Learned a level 3 spell: Stone Arrow
  2370 | D:4      | Noticed Blork the orc
  2379 | D:4      | Killed Blork the orc
  2380 | D:4      | Reached skill level 5 in Fighting
  2380 | D:4      | Reached skill level 5 in Spellcasting
  2380 | D:4      | Reached skill level 5 in Conjurations
  2380 | D:4      | Reached skill level 5 in Hexes
  2380 | D:4      | Reached skill level 5 in Summonings
  2380 | D:4      | Reached skill level 5 in Necromancy
  2380 | D:4      | Reached skill level 5 in Translocations
  2380 | D:4      | Reached skill level 5 in Fire Magic
  2380 | D:4      | Reached skill level 5 in Ice Magic
  2380 | D:4      | Reached skill level 5 in Air Magic
  2380 | D:4      | Reached skill level 5 in Earth Magic
  2380 | D:4      | Reached skill level 5 in Alchemy
  2538 | D:4      | Reached XP level 8. HP: 55/59 MP: 0/0
  2765 | D:4      | Found a runed translucent door.
  2768 | D:4      | Noticed kasel's ghost (amateur FoFi)
  2775 | D:4      | Noticed Natasha
  2777 | D:4      | Killed Natasha
  2836 | D:4      | Noticed Natasha
  2839 | D:4      | Killed Natasha
  3007 | D:4      | Noticed Natasha
  3011 | D:4      | Killed Natasha
  3046 | D:5      | Entered Level 5 of the Dungeon
  3141 | D:5      | Found a glowing golden altar of the Shining One.
  3142 | D:5      | Found a burning altar of Makhleb.
  3142 | D:5      | Found a snail-covered altar of Cheibriados.
  3143 | D:5      | Found a sacrificial altar of Ru.
  3150 | D:5      | Became a worshipper of Makhleb the Destroyer
  3166 | D:5      | Found Routaimy's Antique Armour Emporium.
  3189 | D:5      | Bought a glowing helmet for 217 gold pieces
  3209 | D:5      | Found Buhi's Book Shoppe.
  3317 | D:5      | Reached skill level 6 in Fighting
  3329 | D:5      | Found Peky's Antique Armour Shop.
  3487 | D:5      | Found Gugixytz's Armour Boutique.
  3529 | D:5      | Found Hahir's Magic Scroll Shoppe.
  3785 | D:6      | Found a large runed translucent door.
  3785 | D:6      | Found a large runed translucent door.
  3804 | D:6      | Found a corrupted altar of Lugonu.
  3849 | D:6      | Reached skill level 7 in Fighting
  3849 | D:6      | Reached XP level 9. HP: 68/68 MP: 0/0
  3849 | D:6      | Learned a level 3 spell: Frozen Ramparts
  3875 | D:6      | You are sucked into a shaft and drop 3 floors!
  3948 | D:7      | Reached * piety under Makhleb
  4161 | D:6      | Reached skill level 8 in Fighting
  4293 | D:6      | Noticed Maggie
  4304 | D:6      | Killed Maggie
  4318 | D:6      | Noticed Menkaure
  4330 | D:6      | Killed Menkaure
  4444 | D:6      | Found a staircase to the Ecumenical Temple.
  4482 | D:6      | Found Touptaat's Magic Scroll Boutique.
  4670 | D:6      | Found a one-way gate to the infinite horrors of the Abyss.
  4695 | D:6      | Identified the +5 rapier "Disy" {distort, *Slow rN+ Will+
                  | Dex+5}
  4852 | D:7      | Reached skill level 9 in Fighting
  4853 | D:7      | Reached ** piety under Makhleb
  4854 | D:7      | Reached XP level 10. HP: 78/78 MP: 0/0
  5310 | D:8      | Found a stormy altar of Qazlal.
  5364 | D:8      | Noticed a two-headed ogre
  5371 | D:8      | Killed a two-headed ogre
  5372 | D:8      | Reached skill level 10 in Fighting
  5660 | D:8      | Reached *** piety under Makhleb
  5701 | D:8      | Found a staircase to the Lair.
  5868 | Lair:1   | Entered Level 1 of the Lair of Beasts
  5939 | Lair:1   | Noticed a death yak
  5948 | Lair:1   | Noticed a cane toad
  5948 | Lair:1   | Noticed a death yak
  5951 | Lair:1   | Noticed a death yak
  5952 | Lair:1   | Killed a death yak
  5953 | Lair:1   | Reached skill level 11 in Fighting
  5953 | Lair:1   | Reached XP level 11. HP: 47/87 MP: 0/0
  5953 | Lair:1   | Learned a level 4 spell: Manifold Assault
  5958 | Lair:1   | Killed a death yak
  5964 | Lair:1   | Killed a death yak
  5965 | Lair:1   | Reached skill level 12 in Fighting
  6119 | Lair:1   | Reached skill level 10 in Spellcasting
  6119 | Lair:1   | Reached skill level 10 in Conjurations
  6119 | Lair:1   | Reached skill level 10 in Hexes
  6119 | Lair:1   | Reached skill level 10 in Summonings
  6119 | Lair:1   | Reached skill level 10 in Necromancy
  6119 | Lair:1   | Reached skill level 10 in Translocations
  6119 | Lair:1   | Reached skill level 10 in Fire Magic
  6119 | Lair:1   | Reached skill level 10 in Ice Magic
  6119 | Lair:1   | Reached skill level 10 in Air Magic
  6119 | Lair:1   | Reached skill level 10 in Earth Magic
  6119 | Lair:1   | Reached skill level 10 in Alchemy
  6520 | Lair:1   | Reached XP level 12. HP: 68/96 MP: 0/0
  6520 | Lair:1   | Reached **** piety under Makhleb
  6561 | Lair:1   | Reached skill level 13 in Fighting
  6826 | Lair:2   | Noticed a catoblepas
  7171 | Lair:2   | Noticed a pharaoh ant
  7179 | Lair:2   | Killed a pharaoh ant
  7197 | Lair:2   | Found a hole to the Spider Nest.
  7248 | Lair:2   | Killed a catoblepas
  7815 | Lair:3   | Reached skill level 14 in Fighting
  7950 | Lair:3   | Reached ***** piety under Makhleb
  8135 | Lair:3   | Reached XP level 13. HP: 88/106 MP: 0/0
  8135 | Lair:3   | Learned a level 5 spell: Fireball
  8235 | Lair:3   | Noticed Nergalle
  8244 | Lair:3   | Killed Nergalle
  8245 | Lair:3   | Reached skill level 15 in Fighting
  8575 | Lair:3   | Noticed a five-headed hydra
  8580 | Lair:3   | Killed a five-headed hydra
  8589 | Lair:3   | Found a staircase to the Swamp.
  9313 | Lair:4   | Noticed an eight-headed hydra
  9561 | D:9      | Found a staircase to the Orcish Mines.
  9816 | D:9      | Reached ****** piety under Makhleb
 10111 | D:9      | Noticed Joseph
 10119 | D:9      | Killed Joseph
 10120 | D:9      | Reached skill level 16 in Fighting
 10216 | D:9      | Found a hide-covered altar of Uskayaw.
 10216 | D:9      | Found a hazy altar of Hepliaklqana.
 10453 | Orc:1    | Entered Level 1 of the Orcish Mines
 10696 | Orc:1    | Reached XP level 14. HP: 112/116 MP: 0/0
 11153 | Orc:1    | Noticed Harold
 11161 | Orc:1    | Killed Harold
 11294 | Orc:2    | Entered Level 2 of the Orcish Mines
 11297 | Orc:2    | Noticed an orc warlord
 11713 | Orc:1    | Reached skill level 1 in Invocations
 11755 | Orc:2    | Shot with a bolt by an orc knight

Illustrated notes

Levels and vault maps discovered:
D:1:      reono_arrival_mine, layout_rooms,
          dreamdust_ecumenical_altar_sealed_demon
D:2:      layout_loops_ring, basic_altar, chequers_serial_rivers_micro_b
D:3:      layout_basic, gup_sewer_entry_glass, hangedman_decor_slide_cut,
          hangedman_decor_opposing, uniq_jessica
D:4:      layout_cave_pods, ebering_ghost_inner_flame, uniq_natasha,
          uniq_blork_the_orc
D:5:      layout_basic, chequers_temple_overflow_statue_of_worship,
          serial_glass, glass_columns_a, glass_columns_b, serial_shops, shop,
          nicolae_shop_real_fake_doors, shop, nicolae_shop_hallway_stairs, shop
D:6:      due_chaos_kobolds, layout_loops_cross, temple_hall, serial_shops,
          shop, grunt_decor_junction, uniq_menkaure, uniq_maggie
D:7:      layout_cave_pods
D:8:      layout_basic, kennysheep_mini_moat, lair_entry_dummy, special_room
          [special_room_orc]
D:9:      layout_loops_corners, gammafunk_temple_overflow_statue,
          zombieorc2_lemuel, hangedman_decor_growths, grunt_ogre_cave,
          chequers_avenue, uniq_joseph
Lair:1:   layout_cave_pods
Lair:2:   layout_chaotic_city, nicolae_spider_entry_lesser_pyramids,
          infiniplex_staircase_pool
Lair:3:   regret_index_wax_grids, layout_hall_layers,
          nicolae_swamp_entry_splash_gauntlet, grunt_megastairs_2,
          lemuel_fruit_fields, uniq_nergalle
Lair:4:   layout_cave_pods, nicolae_volcano_entry_s_turn
Orc:1:    cheibrodos_orc_bank, layout_diamond_mine, special_room
          [special_room_orc], lemuel_statue_altar, uniq_harold
Orc:2:    st_orc_rangers, layout_caves

Skill      XL: |  1  2  3  4  5  6  7  8  9 10 11 12 13 14 |
---------------+-------------------------------------------+-----
Fighting       | 1 2 4 5 7 9 11 12 14 16 | 16.9
Dodging        | 3 4 |  4.0
Spellcasting   | 4 5 6 7 9 10 11 12 13 | 13.4
Conjurations   | 4 5 6 7 9 10 11 12 13 | 13.4
Hexes          | 4 5 6 7 9 10 11 12 13 | 13.4
Summonings     | 4 5 6 7 9 10 11 12 13 | 13.4
Necromancy     | 4 5 6 7 9 10 11 12 13 | 13.4
Translocations | 4 5 6 7 9 10 11 12 13 | 13.4
Fire Magic     | 4 5 6 7 9 10 11 12 13 | 13.4
Ice Magic      | 4 5 6 7 9 10 11 12 13 | 13.4
Air Magic      | 4 5 6 7 9 10 11 12 13 | 13.4
Earth Magic    | 4 5 6 7 9 10 11 12 13 | 13.4
Alchemy        | 4 5 6 7 9 10 11 12 13 | 13.4
Invocations    | 1 |  1.5
Stealth        | |  1.5

Action                     |  1- 3 |  4- 6 |  7- 9 | 10-12 | 13-15 || total
---------------------------+-------+-------+-------+-------+-------++-------
   Cast: Foxfire           |    98 |    48 |   181 |   230 |   208 ||   765
         Scorch            |     5 |     9 |    62 |    73 |     2 ||   151
         Inner Flame       |       |     1 |       |     1 |       ||     2
         Volatile Blastmot |       |       |     3 |       |       ||     3
         Frozen Ramparts   |       |       |     4 |    21 |    23 ||    48
         Flame Wave        |       |       |       |    10 |    22 ||    32
         Stone Arrow       |       |       |       |    46 |   179 ||   225
         Fireball          |       |       |       |       |    11 ||    11
    Use: Scroll            |       |       |       |     8 |     4 ||    12
 Armour: Robe              |     9 |     4 |       |       |       ||    13
         Troll leather arm |       |     4 |    15 |    50 |    86 ||   155
  Dodge: Dodged            |     4 |     8 |    12 |    27 |    43 ||    94
  Block: Other             |     1 |     1 |     3 |     6 |       ||    11
         Reflection        |       |       |     1 |     4 |    17 ||    22
         Buckler           |       |       |       |    24 |    53 ||    77

Table legend: (Time is in decaauts)
 A = Elapsed time spent in this place.
 B = Non-inter-level travel time spent in this place.
 C = Inter-level travel time spent in this place.
 D = Time resting spent in this place.
 E = Time spent auto-exploring this place.
 F = Levels seen in this place.
 G = Mean time per level.
                   A        B        C        D        E       F      G
               +--------+--------+--------+--------+--------+-----+--------+
         Total |  11760 |  10805 |    955 |    121 |   8525 |  16 |  735.0 |
       Dungeon |   6723 |   6304 |    419 |     45 |   5212 |   9 |  747.0 |
          Lair |   3542 |   3284 |    258 |      0 |   2608 |   4 |  885.5 |
  Orcish Mines |   1261 |    984 |    277 |     76 |    521 |   2 |  630.5 |
         Sewer |    232 |    232 |      0 |      0 |    184 |   1 |  232.0 |
               +--------+--------+--------+--------+--------+-----+--------+

Top non-repeatable levels by time:
  Lair:3: 1521 daAuts
   Orc:1: 1162 daAuts
  Lair:1: 1152 daAuts
     D:9: 1079 daAuts
  Lair:2: 865 daAuts
     D:4: 858 daAuts
     D:6: 824 daAuts
     D:2: 782 daAuts
     D:7: 746 daAuts
     D:5: 720 daAuts
     D:3: 661 daAuts
     D:8: 541 daAuts
     D:1: 509 daAuts
   Sewer: 232 daAuts
   Orc:2: 98 daAuts
